 Dungeon Crawl Stone Soup version 0.19-a0-1815-g4007336 (webtiles) character file.

38584 Ijustatesigmund the Eclecticist (level 13, -9/67 HPs)
             Began as a Spriggan Wizard on Oct 3, 2016.
             Was a High Priest of Vehumet.
             Killed from afar by a hell hound (22 damage)
             ... with a blast of flame
             ... led by Azrael
             ... on level 13 of the Dungeon on Oct 5, 2016.
             The game lasted 02:52:06 (29844 turns).

Ijustatesigmund the Eclecticist (Spriggan Wizard)  Turns: 29844, Time: 02:52:06

Health: -9/67      AC: 14    Str:  3    XL:     13   Next: 64%
Magic:  3/33       EV: 24    Int: 24    God:    Vehumet [*****.]
Gold:   183        SH:  5    Dex: 22    Spells: 14 memorised, 0 levels left

rFire  . . .     SeeInvis +     U - +6 lajatang "Muipaj" {venom, rC+ Dex+7}
rCold  + . .     Gourm    .     L - +1 troll leather armour
rNeg   . . .     Faith    .     (shield currently unavailable)
rPois  .         Spirit   .     b - +1 hat
rElec  +         Dismiss  .     H - +1 cloak
rCorr  .         Reflect  +     (gloves unavailable)
MR     ++...     Harm     .     (boots unavailable)
Stlth  +++++.....               o - +5 amulet of reflection
                                c - +3 ring of protection
                                v - ring "Lyob" {rElec AC+3}

@: lethally poisoned (-9 -> -12), very slightly contaminated, hasted, very quick
A: unfitting armour, see invisible, blink, herbivore 3, speed 3, slow metabolism
2
a: Blink, Renounce Religion


You were on level 13 of the Dungeon.
You worshipped Vehumet.
Vehumet was extremely pleased with you.
You were hungry.

You visited 4 branches of the dungeon, and saw 17 of its levels.
You also visited: Bailey and Ice Cave.

You collected 1818 gold pieces.
You spent 1635 gold pieces at shops.

Inventory:

Hand Weapons
 l - a +2 hunting sling of freezing
 s - a +4 dagger
 C - a +2 dagger of protection
 E - a +2 dagger of holy wrath
 G - a +0 dagger of pain
 J - a +2 rapier of speed
 U - the +6 lajatang "Muipaj" (weapon) {venom, rC+ Dex+7}
   (You found it in an ice cave)

   It poisons the flesh of those it strikes.
   It affects your dexterity (+7).
   It protects you from cold.
Missiles
 K - 25 tomahawks (quivered)
Armour
 b - a +1 hat (worn)
 B - the +2 robe "Baigatoz" {rC+ MR+ Slay-3}
   (You bought it in a shop on level 6 of the Dungeon)

   It affects your accuracy and damage with ranged weapons and melee attacks
   (-3).
   It protects you from cold.
   It affects your resistance to hostile enchantments.
 H - a +1 cloak (worn)
 L - a +1 troll leather armour (worn)
 O - a +0 buckler
 Q - a +0 robe of resistance
Jewellery
 c - a +3 ring of protection (right hand)
 g - an uncursed amulet of magic regeneration
 j - an uncursed ring of protection from magic
 m - an uncursed ring of protection from cold
 o - a +5 amulet of reflection (around neck)
 u - an uncursed ring of flight
 v - the ring "Lyob" (left hand) {rElec AC+3}
   (You found it on level 10 of the Dungeon)

   [ring of protection]

   It affects your AC (+3).
   It insulates you from electricity.
 z - a +2 ring of intelligence
Wands
 q - a wand of lightning (3/15)
 x - a wand of digging (1/24)
 y - a wand of digging (4/24)
 T - a wand of iceblast (4/15)
 V - a wand of confusion (35/48)
Scrolls
 a - a scroll of teleportation
 p - 6 scrolls of remove curse
 D - 3 scrolls of amnesia
 N - a scroll of fog
 R - 2 scrolls of recharging
 S - a scroll of blinking
Potions
 e - 7 potions of curing
 f - 6 potions of brilliance
 i - 3 potions of flight
 k - 2 potions of lignification
 n - a potion of agility
 r - 2 potions of mutation
 t - a potion of cure mutation
 w - a potion of heal wounds
 A - a potion of might
 I - 2 potions of degeneration
 P - a potion of resistance
 X - a potion of haste
Books
 h - the Papyrus of Supportive Dark Arts
   (You bought it in a shop on level 2 of the Orcish Mines)

   Spells                             Type                      Level
   a - Pain                           Necromancy                   1
   b - Summon Small Mammal            Summoning                    1
   c - Excruciating Wounds            Charms/Necromancy            5
   d - Death Channel                  Necromancy                   6
   e - Malign Gateway                 Summoning/Translocation      7
 M - a book of Enchantments

   Spells                             Type                      Level
   a - Cause Fear                     Hexes                        4
   b - Yara's Violent Unravelling     Hexes/Transmutation          5
   c - Silence                        Hexes/Air                    5
   d - Deflect Missiles               Charms/Air                   6
   e - Discord                        Hexes                        8
 Y - a book of Debilitation

   Spells                             Type                      Level
   a - Corona                         Hexes                        1
   b - Slow                           Hexes                        2
   c - Gell's Gravitas                Hexes/Translocation          3
   d - Inner Flame                    Hexes/Fire                   3
   e - Cause Fear                     Hexes                        4
   f - Leda's Liquefaction            Hexes/Earth                  4
Comestibles
 d - 10 bread rations
 F - 11 fruits


   Skills:
 - Level 7.2 Fighting
 - Level 8.8 Short Blades
 - Level 4.0 Staves
 + Level 1.0 Armour
 + Level 9.7 Dodging
 + Level 11.1 Stealth
 - Level 15.1 Spellcasting
 - Level 6.5 Conjurations
 - Level 1.6 Hexes
 - Level 5.1 Charms
   Level 0.7 Summonings
 - Level 4.0 Translocations
 - Level 2.3 Fire Magic
 - Level 3.3 Air Magic
 - Level 3.0 Poison Magic
 - Level 5.0 Evocations


You couldn't memorise any spells.
You knew the following spells:

 Your Spells              Type           Power        Failure   Level  Hunger
a - Magic Dart            Conj           ####         1%          1    None
b - Blink                 Tloc           N/A          1%          2    None
c - Repel Missiles        Chrm/Air       #####.       1%          2    None
d - Mephitic Cloud        Conj/Pois/Air  #####...     1%          3    None
e - Conjure Flame         Conj/Fire      #####...     1%          3    None
f - Throw Flame           Conj/Fire      #####.       1%          2    None
g - Ignite Poison         Fire/Tmut/Pois ####....     2%          3    None
h - Apportation           Tloc           #####.....   1%          1    None
i - Sticky Flame          Conj/Fire      #####...     3%          4    None
j - Iskenderun's Battles  Conj/Chrm      #####...     4%          5    ##.....
k - Airstrike             Air            ####......   4%          4    None
l - Fulminant Prism       Conj/Hex       #####.....   4%          4    None
m - Inner Flame           Hex/Fire       ####....     2%          3    None
n - Bolt of Magma         Conj/Fire/Erth ####......   17%         5    ##.....


Dungeon Overview and Level Annotations

Branches:
Dungeon (13/15)            Temple (1/1) D:4            Lair (1/6) D:10
    Orc (2/2) D:12            Elf (0/3) Orc:2
 Vaults: D:13-14

Altars:
Ashenzari
Cheibriados
Elyvilon
Fedhas
Gozag
Makhleb
Qazlal
Trog
Uskayaw
Vehumet
Xom
Yredelemnul
Zin
Beogh

Shops:
D:4 }   D:6 [   D:7 !   Orc:2 *!([?

Annotations:
D:8 DEFE's ghost, novice HEFi
D:13 Azrael


Innate Abilities, Weirdness & Mutations

You are very small and have problems with some larger weapons.
You are too small for most types of armour.
You have supernaturally acute eyesight. (SInv)
You are a herbivore.
You cover ground extremely quickly.
You need consume almost no food.
You can translocate small distances at will.


Message History

The killer bee dies!
The bolt of fire hits the fire elemental.
The fire elemental completely resists.
The bolt of fire misses you.
Found a royal jelly.
You slash the killer bee!
The killer bee looks as sick as possible!
The killer bee is severely wounded.
You feel sick.
You kill the killer bee!
Vehumet accepts your kill. The killer bee closely misses you.
The killer bee stings you but does no damage.
The meliai invokes the aid of its god against you.
Something smites you!
* * * LOW HITPOINT WARNING * * *
You block the fire elemental's attack. The hell hound breathes flames at you.
The blast of flame hits the fire elemental.
The fire elemental completely resists.
The blast of flame hits you!
You die... #####.##### %# .p. <.....###### yy%# .... #. #######....# yy#

...# ##.....#
yy##...# ... #......#
y%#....# ###
#......#####.#....##
##......y.y.yy§......
#.....yyh.yhy§y(.###
#....§yEuR.§E@..##
....#...§.§EZy...## .
##..§§.../..##
############


You could see Azrael, a green ugly thing, a queen bee, 3 fire elementals, 2 hell
hounds, 3 meliai, 14 killer bees and a wyvern zombie.

Vanquished Creatures
  A frost giant (IceCv)
  Snorg (D:12)
  A vault guard (D:13)
  A hydra (D:8)
  Erica (D:9)
  2 death yaks (IceCv)
  3 orc high priests
  The ghost of Avanven the Cruncher, a novice DgTm (D:9)
  The ghost of Duskembrace the Covert, a journeyman VSAs of Uskayaw (IceCv)
  An unseen horror (D:10)
  2 hill giants (D:11)
  An orc sorcerer (Orc:2)
  A manticore (D:11)
  2 ugly things
  Maurice (D:12)
  The ghost of TotoDurand the Skirmisher, a novice DgFi (D:7)
  An ice statue (IceCv)
  2 spiny frogs (Lair:1)
  A gargoyle (D:10)
  A rime drake (IceCv)
  2 komodo dragons
  A kobold demonologist (D:12)
  5 trolls
  A two-headed ogre (D:11)
  Grinder (D:6)
  2 hornets
  12 polar bears (IceCv)
  3 hippogriffs
  2 dream sheep (D:8)
  A shadow (D:11)
  A wyvern (D:8)
  40 yaks
  Grum (D:8)
  A hungry ghost (D:7)
  A vampire mosquito (D:13)
  Edmund (D:5)
  2 wargs (Orc:2)
  A mottled dragon (D:12)
  A hell hound (D:12)
  2 water moccasins
  31 orc warriors
  3 porcupines (Lair:1)
  4 sky beasts
  A necrophage (D:8)
  A black bear (D:6)
  5 ice beasts
  9 ogres
  3 phantoms
  6 centaurs
  17 wolves
  6 big kobolds
  14 bullfrogs
  A wyvern zombie (D:13)
  Blork the orc (D:6)
  A gnoll sergeant (D:9)
  4 scorpions
  A wyvern skeleton (D:9)
  14 killer bees
  4 electric eels (D:7)
  2 howler monkeys (D:8)
  3 jellies
  3 lava snakes (D:12)
  7 crimson imps
  A bullfrog zombie (D:6)
  9 hounds
  22 orc priests
  29 orc wizards
  3 centaur skeletons
  6 bullfrog skeletons
  4 iguanas
  Natasha (twice) (D:3)
  11 worker ants
  A hound skeleton (D:9)
  A mummy (D:5)
  3 worker ant zombies
  13 adders
  19 gnolls
  A howler monkey skeleton (D:8)
  10 river rats (Lair:1)
  A hound simulacrum (D:11)
  3 shadow imps
  An ufetubus (D:11)
  2 oozes
  An adder zombie (D:5)
  3 worms
  4 dart slugs
  5 leopard geckos
  100 orcs
  2 giant cockroaches
  23 hobgoblins
  17 jackals
  3 quokkas
  8 bats
  10 frilled lizards
  7 goblins
  33 kobolds
  A quokka skeleton (D:5)
  5 rats
612 creatures vanquished.

Vanquished Creatures (others)
  A vampire mosquito (D:13)
  A killer bee (D:13)
  2 orcs
  A kobold (D:11)
  2 fulminant prisms (D:13)
  4 plants
11 creatures vanquished.

Grand Total: 623 creatures vanquished

Notes
Turn   | Place    | Note
-------+----------+-------------------------------------------
     0 | D:1      | Ijustatesigmund the Spriggan Wizard began the quest for the Orb.
     0 | D:1      | Reached XP level 1. HP: 9/9 MP: 6/6
   206 | D:2      | Reached XP level 2. HP: 13/13 MP: 0/8
   210 | D:2      | Learned a level 2 spell: Blink
   213 | D:2      | Learned a level 2 spell: Repel Missiles
   305 | D:2      | Reached skill level 5 in Spellcasting
   625 | D:1      | Reached XP level 3. HP: 9/16 MP: 1/10
  1708 | D:1      | Reached skill level 6 in Spellcasting
  1764 | D:1      | Learned a level 3 spell: Mephitic Cloud
  1768 | D:1      | Learned a level 3 spell: Conjure Flame
  1806 | D:2      | Found a blossoming altar of Fedhas.
  2420 | D:2      | Reached XP level 4. HP: 16/21 MP: 5/13
  2792 | D:2      | Found a faded altar of an unknown god.
  3589 | D:3      | Noticed Natasha
  3603 | D:3      | Killed Natasha
  3603 | D:3      | Reached skill level 7 in Spellcasting
  3603 | D:3      | Reached XP level 5. HP: 13/24 MP: 8/15
  4356 | D:3      | Noticed Natasha
  4375 | D:3      | Killed Natasha
  4499 | D:3      | Found a basalt altar of Yredelemnul.
  4542 | D:4      | Found Vuaffuam's Gadget Shoppe.
  4915 | D:4      | Reached XP level 6. HP: 26/28 MP: 6/17
  5139 | D:5      | Entered Level 5 of the Dungeon
  5288 | D:4      | Found a staircase to the Ecumenical Temple.
  5290 | D:4      | Found an opulent altar of Gozag.
  5424 | D:4      | Reached skill level 1 in Short Blades
  5585 | D:4      | Reached skill level 1 in Fighting
  5671 | D:4      | Found a glowing silver altar of Zin.
  5739 | Temple   | Entered the Ecumenical Temple
  5760 | Temple   | Became a worshipper of Vehumet
  6027 | D:5      | Noticed Edmund
  6117 | D:5      | Killed Edmund
  6117 | D:5      | Reached XP level 7. HP: 24/34 MP: 5/19
  6501 | D:5      | Reached skill level 5 in Dodging
  6878 | D:5      | Found a snail-covered altar of Cheibriados.
  6922 | D:5      | Upgraded the game from 0.19-a0-1786-g230130f to 0.19-a0-1792-g28b16ba
  6946 | D:5      | Reached skill level 5 in Stealth
  6946 | D:5      | Reached skill level 8 in Spellcasting
  6984 | D:5      | Reached * piety under Vehumet
  6984 | D:5      | Offered knowledge of Sting by Vehumet.
  7240 | D:6      | Noticed Grinder
  7257 | D:7      | Found Engyeceb's Distillery.
  7262 | D:7      | Bought a potion of heal wounds for 50 gold pieces
  7262 | D:7      | Bought a potion of heal wounds for 50 gold pieces
  7262 | D:7      | Bought a potion of heal wounds for 50 gold pieces
  7262 | D:7      | Bought a potion of heal wounds for 50 gold pieces
  7330 | D:7      | Reached XP level 8. HP: 24/40 MP: 5/21
  8372 | D:7      | Reached skill level 5 in Short Blades
  8913 | D:7      | Reached skill level 5 in Fighting
  8993 | D:7      | Noticed TotoDurand's ghost (novice DgFi)
  9269 | D:7      | Killed TotoDurand's ghost
  9269 | D:7      | Reached XP level 9. HP: 19/48 MP: 0/22
  9586 | D:7      | Gained mutation: You can translocate small distances at will. [potion of beneficial mutation]
 11218 | D:6      | Found Buaj's Antique Armour Boutique.
 11231 | D:6      | Found a glowing silver altar of Zin.
 11242 | D:6      | Reached ** piety under Vehumet
 11242 | D:6      | Offered knowledge of Throw Flame by Vehumet.
 11377 | D:6      | Noticed Blork the orc
 11391 | D:6      | Reached skill level 5 in Evocations
 11408 | D:6      | Killed Blork the orc
 11408 | D:6      | Reached skill level 1 in Conjurations
 11712 | D:6      | Learned a level 2 spell: Throw Flame
 12196 | D:6      | Killed Grinder
 12726 | D:6      | Found a hide-covered altar of Uskayaw.
 12777 | D:6      | Bought a silken robe for 142 gold pieces
 12787 | D:6      | Identified the +2 robe "Baigatoz" {rC+ MR+ Slay-3} (You bought it in a shop on level 6 of the Dungeon)
 12828 | D:8      | Noticed DEFE's ghost (novice HEFi)
 12837 | D:8      | Noticed Grum
 12988 | D:8      | Found a bloodstained altar of Trog.
 13090 | D:8      | Reached XP level 10. HP: 18/53 MP: 2/23
 13200 | D:8      | Noticed a two-headed hydra
 13269 | D:8      | Found a flagged portal.
 13282 | Bailey   | Entered a bailey
 13924 | Bailey   | Noticed an orc knight
 13948 | Bailey   | Offered knowledge of Ignite Poison by Vehumet.
 13953 | Bailey   | Learned a level 3 spell: Ignite Poison
 13955 | Bailey   | Learned a level 1 spell: Apportation
 14611 | D:8      | Killed a two-headed hydra
 14611 | D:8      | Reached *** piety under Vehumet
 14900 | D:8      | Reached skill level 10 in Stealth
 15187 | D:8      | Killed Grum
 15479 | D:9      | Offered knowledge of Sticky Flame by Vehumet.
 15586 | D:9      | Paralysed by a hornet for 1 turns
 15758 | D:9      | Learned a level 4 spell: Sticky Flame
 15825 | D:9      | Reached skill level 1 in Fire Magic
 15957 | D:10     | Entered Level 10 of the Dungeon
 16119 | D:9      | Noticed Erica
 16239 | D:9      | Reached skill level 1 in Poison Magic
 16338 | D:9      | Killed Erica
 16369 | D:10     | Got a smoking lapis lazuli ring
 16388 | D:10     | Reached XP level 11. HP: 37/56 MP: 3/24
 16498 | D:10     | Identified the ring "Lyob" {rElec AC+3} (You found it on level 10 of the Dungeon)
 16566 | D:10     | Reached **** piety under Vehumet
 17227 | D:9      | Noticed Avanven's ghost (novice DgTm)
 17230 | D:9      | Offered knowledge of Iskenderun's Battlesphere by Vehumet.
 17389 | D:8      | Learned a level 5 spell: Iskenderun's Battlesphere
 17702 | D:9      | Reached skill level 1 in Charms
 17723 | D:10     | Noticed an unseen horror
 17753 | D:10     | Killed an unseen horror
 18180 | D:10     | Found a stormy altar of Qazlal.
 18214 | D:10     | Found a staircase to the Lair.
 18656 | D:9      | Killed Avanven's ghost
 18656 | D:9      | Reached skill level 9 in Spellcasting
 19985 | D:11     | Reached skill level 10 in Spellcasting
 20290 | D:11     | Noticed a hill giant
 20313 | D:11     | Killed a hill giant
 20376 | D:11     | Noticed a hill giant
 20401 | D:11     | Killed a hill giant
 20401 | D:11     | Reached skill level 11 in Spellcasting
 20450 | D:11     | Reached ***** piety under Vehumet
 20450 | D:11     | Offered knowledge of Airstrike by Vehumet.
 20551 | D:11     | Found a frozen archway.
 20557 | IceCv    | Entered an ice cave
 20569 | IceCv    | Noticed Duskembrace's ghost (journeyman VSAs)
 20585 | IceCv    | Killed Duskembrace's ghost
 20703 | IceCv    | Reached XP level 12. HP: 57/61 MP: 16/28
 20937 | IceCv    | Reached skill level 12 in Spellcasting
 21528 | IceCv    | Reached skill level 5 in Charms
 21699 | IceCv    | Reached skill level 13 in Spellcasting
 22088 | IceCv    | Noticed a death yak
 22111 | IceCv    | Reached skill level 5 in Conjurations
 22117 | IceCv    | Killed a death yak
 22595 | IceCv    | Noticed a frost giant
 22595 | IceCv    | Noticed a death yak
 22797 | IceCv    | Killed a frost giant
 22797 | IceCv    | Reached skill level 14 in Spellcasting
 22972 | IceCv    | Got a pitted lajatang
 23022 | IceCv    | Killed a death yak
 23128 | IceCv    | Identified the +6 lajatang "Muipaj" {venom, rC+ Dex+7} (You found it in an ice cave)
 23514 | Lair:1   | Entered Level 1 of the Lair of Beasts
 23515 | Lair:1   | Upgraded the game from 0.19-a0-1792-g28b16ba to 0.19-a0-1815-g4007336
 23526 | Lair:1   | Learned a level 4 spell: Airstrike
 23580 | Lair:1   | Found a white marble altar of Elyvilon.
 24008 | Lair:1   | Offered knowledge of Fulminant Prism by Vehumet.
 24028 | Lair:1   | Learned a level 4 spell: Fulminant Prism
 24638 | D:11     | Reached skill level 1 in Hexes
 24638 | D:11     | Reached XP level 13. HP: 59/65 MP: 29/32
 25174 | D:12     | Noticed Snorg
 25203 | D:12     | Killed Snorg
 25203 | D:12     | Reached skill level 1 in Staves
 25374 | D:12     | Learned a level 3 spell: Inner Flame
 25440 | D:12     | Found a staircase to the Orcish Mines.
 25754 | D:12     | Noticed Maurice
 25765 | D:12     | Killed Maurice
 26130 | D:13     | Noticed Azrael
 26328 | Orc:1    | Entered Level 1 of the Orcish Mines
 26489 | Orc:1    | Found a roughly hewn altar of Beogh.
 26533 | Orc:2    | Entered Level 2 of the Orcish Mines
 26732 | Orc:2    | Found a staircase to the Elven Halls.
 26772 | Orc:2    | Found a roughly hewn altar of Beogh.
 26777 | Orc:2    | Found Gevisid's Magic Scroll Shoppe.
 26797 | Orc:2    | Bought a scroll of teleportation for 39 gold pieces
 26797 | Orc:2    | Bought a scroll of enchant armour for 97 gold pieces
 26797 | Orc:2    | Bought a scroll of magic mapping for 45 gold pieces
 26868 | Orc:2    | Found a roughly hewn altar of Beogh.
 27053 | Orc:1    | Found a burning altar of Makhleb.
 27705 | Orc:2    | Found Ficwasei's Distillery.
 27730 | Orc:2    | Bought a potion of degeneration for 15 gold pieces
 27730 | Orc:2    | Bought a potion of agility for 60 gold pieces
 27850 | Orc:2    | Bought a scroll of identify for 26 gold pieces
 27850 | Orc:2    | Bought a scroll of identify for 26 gold pieces
 27976 | Orc:2    | Noticed an orc warlord
 28086 | Orc:2    | Offered knowledge of Bolt of Magma by Vehumet.
 28497 | Orc:2    | Found a roughly hewn altar of Beogh.
 28497 | Orc:2    | Found Fowuequs's Antique Weapon Shoppe.
 28506 | Orc:2    | Found Ibautous's Antique Armour Emporium.
 28524 | Orc:2    | Bought an embroidered cloak for 175 gold pieces
 28719 | Orc:2    | Found a roughly hewn altar of Beogh.
 28796 | Orc:2    | Found a roughly hewn altar of Beogh.
 28828 | Orc:2    | Reached skill level 15 in Spellcasting
 29223 | Orc:2    | Found a roughly hewn altar of Beogh.
 29261 | Orc:2    | Found Ohepootza's Assorted Antiques.
 29316 | Orc:2    | Found a roughly hewn altar of Beogh.
 29378 | Orc:2    | Found a roughly hewn altar of Beogh.
 29529 | Orc:2    | Bought an antique book for 405 gold pieces
 29529 | Orc:2    | Identified the Papyrus of Supportive Dark Arts (You bought it in a shop on level 2 of the Orcish Mines)
 29529 | Orc:2    | Bought a hardcover book for 405 gold pieces
 29536 | Orc:2    | Learned a level 5 spell: Bolt of Magma
 29789 | D:13     | Offered knowledge of Freezing Cloud by Vehumet.
 29825 | D:13     | Reached skill level 1 in Armour
 29844 | D:13     | Killed from afar by a hell hound

Vault maps used:
D:1:      dpeg_arrival_shelter, kennysheep_small_spiral
D:2:      first_bread, ecumenical_altar_2, fedhas_altar_3
D:3:      marbit_many_paths, kennysheep_generic_room_7, uniq_natasha
D:4:      grunt_temple_overflow_gold_and_silver, serial_shops, shop
D:5:      slow_altar_1, minmay_misc_feat_room, roderic_roman_lattice,
          uniq_edmund
D:6:      lemuel_round_altar, serial_shops, kennysheep_mini, basic_altar,
          uniq_blork_the_orc, uniq_grinder
D:7:      serial_shops, nicolae_shop_temple_entry_statues_fountains,
          st_stairs_10, kennysheep_boxes
D:8:      enter_bailey_3, basic_altar, hangedman_ranch,
          hangedman_decor_clover_reticule, uniq_grum
D:9:      minmay_misc_feat_hallway, uniq_erica
D:10:     lair_0_dummy, nicolae_qazlal_style_of_elements
D:11:     serial_ice, serial_ice_d, serial_ice_c, serial_ice_l, serial_ice_n,
          portal_ice_cave_entry_pillars_1
D:12:     orc_0_dummy, disabler_island, uniq_snorg, uniq_maurice
D:13:     erik_vaults_2, special_room, serial_bayou_pond_d, uniq_azrael
Temple:   nicolae_temple_elliptical
Lair:1:   basic_altar
Orc:1:    basic_altar, lemuel_statue_altar
Orc:2:    grunt_orc_community_town_hall, grunt_orc_community_big_house_2,
          grunt_orc_community_big_house_2, grunt_orc_community_house_1,
          grunt_orc_community_house_3, grunt_orc_community_house_1,
          grunt_orc_community_house_1, grunt_orc_community_house_1,
          grunt_orc_community_house_2, serial_shops, shop
Bailey:   bailey_axe_2, bailey
IceCv:    ice_cave_caverns_01

Skill      XL: |  1  2  3  4  5  6  7  8  9 10 11 12 13 |
---------------+----------------------------------------+-----
Spellcasting   | 5 6 7 8 11 14 15 | 15.1
Stealth        | 4 5 6 10 11 | 11.1
Short Blades   | 2 4 6 8 |  8.8
Fighting       | 1 3 5 6 7 |  7.2
Dodging        | 4 5 7 8 9 |  9.7
Translocations | 4 |  4.0
Evocations     | 5 |  5.0
Conjurations   | 3 4 6 |  6.5
Fire Magic     | 2 |  2.3
Poison Magic   | 2 3 |  3.0
Air Magic      | 2 3 |  3.3
Charms         | 3 5 |  5.1
Hexes          | 1 |  1.6
Staves         | 4 |  4.0
Armour         | 1 |  1.0
Summonings     | |  0.7

Action                   |  1- 3 |  4- 6 |  7- 9 | 10-12 | 13-15 || total
-------------------------+-------+-------+-------+-------+-------++-------
Melee: Dagger            |    39 |    29 |   205 |    94 |    13 ||   380
       Short sword       |    20 |    11 |       |       |       ||    31
       Unarmed           |       |     7 |       |       |       ||     7
       Rapier            |       |       |       |   241 |       ||   241
       Lajatang          |       |       |       |       |   299 ||   299
Throw: Tomahawk          |       |     2 |     4 |     7 |     2 ||    15
 Cast: Magic Dart        |   121 |   281 |   484 |   955 |   254 ||  2095
       Repel Missiles    |     1 |     1 |     3 |     3 |     1 ||     9
       Mephitic Cloud    |       |     5 |    28 |    82 |    38 ||   153
       Conjure Flame     |       |     6 |    15 |    37 |     7 ||    65
       Blink             |       |     4 |    11 |    23 |     4 ||    42
       Throw Flame       |       |       |    22 |    38 |     7 ||    67
       Ignite Poison     |       |       |       |    51 |    32 ||    83
       Sticky Flame      |       |       |       |    11 |     3 ||    14
       Iskenderun's Batt |       |       |       |     7 |     3 ||    10
       Apportation       |       |       |       |     2 |     1 ||     3
       Inner Flame       |       |       |       |       |     5 ||     5
       Fulminant Prism   |       |       |       |       |     2 ||     2
Evoke: Wand              |       |       |     2 |     7 |     5 ||    14
  Use: Scroll            |     8 |     7 |     8 |     8 |    10 ||    41
       Potion            |       |     3 |     4 |     4 |     4 ||    15
 Stab: Sleeping          |     1 |     3 |     3 |    13 |    22 ||    42
       Confused          |       |     2 |     8 |     3 |     2 ||    15
       Distracted        |       |       |       |     1 |     2 ||     3
  Eat: Pizza             |       |     1 |     2 |     6 |     1 ||    10
       Fruit             |       |     1 |     4 |     1 |     3 ||     9
       Royal jelly       |       |       |       |     1 |       ||     1
Armor: Robe              |    15 |    14 |    21 |    46 |       ||    96
       Troll leather arm |       |       |       |     7 |    66 ||    73
Dodge: Dodged            |    88 |   134 |   206 |   525 |   361 ||  1314
       Deflected         |     1 |       |     8 |     9 |     1 ||    19
Block: Other             |       |       |    43 |   108 |   105 ||   256
       Reflection        |       |       |     3 |     4 |     5 ||    12
